| TOP OF THE 1ST |
|
Asheville Tourists batting - Pitching for Columbus Skeeters : LHP Mark Langston
|
|
Pitching: LHP Mark Langston
|
|
|
Batting: RHB Ulises Infante
|
0-0: Foul Ball, location: 2F 0-1: Ball 1-1: Ball 2-1: Swinging Strike 2-2: Ball 3-2: Ground out 4-3 (Groundball, 4, EV 103.1 MPH)
|
|
Batting: LHB Donald Mazzilli
|
0-0: SINGLE (Flyball, 5D, EV 100.0 MPH)
|
|
Batting: LHB Michael Wishnevski
|
0-0: Foul Ball, location: 2F 0-1: Grounds into double play, 4-6-3 (Groundball, 4, EV 102.5 MPH)
|
| Top of the 1st over - 0 runs, 1 hit, 0 errors, 0 left on base; Asheville 0 - Columbus 0 |
| BOTTOM OF THE 1ST |
|
Columbus Skeeters batting - Pitching for Asheville Tourists : RHP Stan Webb
|
|
Pitching: RHP Stan Webb
|
|
|
Batting: RHB Randolph Ebersberger
|
0-0: Ball 1-0: Called Strike 1-1: Ground out 3-1 (Groundball, 34S, EV 63.1 MPH)
|
|
Batting: RHB Heri Ramirez
|
0-0: Ball 1-0: SINGLE (Flyball, 9LS, EV 96.3 MPH)
|
|
Batting: LHB Sam Horn
|
0-0: Ball 1-0: Ball 2-0: Called Strike 2-1: Called Strike 2-2: Fly out, F6 (Popup, 6MS, EV 80.6 MPH)
|
|
Batting: LHB John Weller
|
0-0: Ball Heri Ramirez is caught stealing 2nd base 2-6
|
| Bottom of the 1st over - 0 runs, 1 hit, 0 errors, 0 left on base; Asheville 0 - Columbus 0 |
| TOP OF THE 2ND |
|
Asheville Tourists batting - Pitching for Columbus Skeeters : LHP Mark Langston
|
|
Batting: RHB Mike Garcia
|
0-0: Called Strike 0-1: Swinging Strike 0-2: Ball 1-2: Ball 2-2: Ball 3-2: Foul Ball, location: 2F 3-2: Base on Balls
|
|
Batting: SHB Dan Hanggie
|
0-0: Called Strike 0-1: Fly out, F9 (Flyball, 9, EV 79.4 MPH)
|
|
Batting: LHB Elias Nava
|
0-0: Ball 1-0: Ball 2-0: Called Strike 2-1: Foul Ball, location: 2F 2-2: Ball 3-2: Strikes out swinging
|
|
Batting: RHB Gareth Ledbetter
|
0-0: Ball Wild Pitch! Mike Garcia to second 1-0: Foul Ball, location: 2F 1-1: Foul Ball, location: 2F 1-2: Strikes out swinging
|
| Top of the 2nd over - 0 runs, 0 hits, 0 errors, 1 left on base; Asheville 0 - Columbus 0 |
| BOTTOM OF THE 2ND |
|
Columbus Skeeters batting - Pitching for Asheville Tourists : RHP Stan Webb
|
|
Batting: LHB John Weller
|
0-0: Ball 1-0: Ball 2-0: Foul Ball, location: 2F 2-1: Foul Ball, location: 2F 2-2: Ball 3-2: Strikes out swinging
|
|
Batting: RHB Joe Redfield
|
0-0: Called Strike 0-1: Foul Ball, location: 2F 0-2: Strikes out swinging
|
|
Batting: LHB Jay Erdahl
|
0-0: SINGLE (Line Drive, 4MD, EV 105.0 MPH)
|
|
Batting: RHB Danny Sheaffer
|
0-0: Fly out, F6 (Line Drive, 6, EV 75.0 MPH)
|
| Bottom of the 2nd over - 0 runs, 1 hit, 0 errors, 1 left on base; Asheville 0 - Columbus 0 |
| TOP OF THE 3RD |
|
Asheville Tourists batting - Pitching for Columbus Skeeters : LHP Mark Langston
|
|
Batting: SHB Wayne Simmons
|
0-0: Called Strike 0-1: Ball 1-1: TRIPLE (Flyball, 8RXD, EV 91.9 MPH)
|
|
Batting: RHB Tony Toups
|
0-0: Swinging Strike 0-1: Ball 1-1: Foul Ball, location: 2F 1-2: Ball 2-2: Ground out 4-3 (Groundball, 4MD, EV 99.4 MPH) Wayne Simmons scores
|
|
Batting: RHB Ulises Infante
|
0-0: Ball 1-0: Foul Ball, location: 2F 1-1: Called Strike 1-2: Foul Ball, location: 2F 1-2: Ball 2-2: Strikes out swinging
|
|
Batting: LHB Donald Mazzilli
|
0-0: Foul Ball, location: 2F 0-1: Ball 1-1: Called Strike 1-2: Ball 2-2: Foul Ball, location: 2F 2-2: Ball 3-2: Fly out, F8 (Flyball, 78D, EV 93.1 MPH)
|
| Top of the 3rd over - 1 run, 1 hit, 0 errors, 0 left on base; Asheville 1 - Columbus 0 |
| BOTTOM OF THE 3RD |
|
Columbus Skeeters batting - Pitching for Asheville Tourists : RHP Stan Webb
|
|
Batting: RHB George Dierberger
|
0-0: Ground out U3 (Groundball, 3S, EV 73.8 MPH)
|
|
Batting: SHB Mike Howard
|
0-0: Ball 1-0: Ball 2-0: Swinging Strike 2-1: Foul Ball, location: 2F 2-2: Ball 3-2: Foul Ball, location: 2F 3-2: Strikes out swinging
|
|
Batting: RHB Randolph Ebersberger
|
0-0: Called Strike 0-1: Ball 1-1: Ground out 5-3 (Groundball, 56S, EV 83.8 MPH)
|
| Bottom of the 3rd over - 0 runs, 0 hits, 0 errors, 0 left on base; Asheville 1 - Columbus 0 |
| TOP OF THE 4TH |
|
Asheville Tourists batting - Pitching for Columbus Skeeters : LHP Mark Langston
|
|
Batting: LHB Michael Wishnevski
|
0-0: Called Strike 0-1: Swinging Strike 0-2: Ball 1-2: Ball 2-2: Fly out, F6 (Popup, 56, EV 58.1 MPH)
|
|
Batting: RHB Mike Garcia
|
0-0: Foul Ball, location: 2F 0-1: Ball 1-1: Foul Ball, location: 2F 1-2: Ball 2-2: Strikes out swinging
|
|
Batting: SHB Dan Hanggie
|
0-0: Ball 1-0: Called Strike 1-1: Foul Ball, location: 2F 1-2: Strikes out swinging
|
| Top of the 4th over - 0 runs, 0 hits, 0 errors, 0 left on base; Asheville 1 - Columbus 0 |
| BOTTOM OF THE 4TH |
|
Columbus Skeeters batting - Pitching for Asheville Tourists : RHP Stan Webb
|
|
Batting: RHB Heri Ramirez
|
0-0: Ball 1-0: Ball 2-0: Ball 3-0: Called Strike 3-1: DOUBLE (Line Drive, 9LM, EV 91.9 MPH)
|
|
Batting: LHB Sam Horn
|
0-0: Called Strike 0-1: Foul Ball, location: 2F 0-2: Foul Ball, location: 2F 0-2: Ball 1-2: Ball 2-2: Ball 3-2: DOUBLE (Groundball, 3L, EV 100.6 MPH) Heri Ramirez scores
|
|
Batting: LHB John Weller
|
0-0: Foul Ball, location: 2F 0-1: Foul Ball, location: 2F 0-2: Ball 1-2: Ball 2-2: Foul Ball, location: 2F 2-2: Foul Ball, location: 2F 2-2: Fly out, F8 (Flyball, 8RM, EV 83.1 MPH) Runner from 2nd tags up, SAFE at 3rd with throw by CF
|
|
Batting: RHB Joe Redfield
|
0-0: Called Strike 0-1: Foul Ball, location: 2F 0-2: Ball 1-2: Ground out 6-3 (Groundball, 6M, EV 81.9 MPH) Sam Horn scores
|
|
Batting: LHB Jay Erdahl
|
0-0: Ground out 5-3 (Groundball, 56, EV 97.5 MPH)
|
| Bottom of the 4th over - 2 runs, 2 hits, 0 errors, 0 left on base; Asheville 1 - Columbus 2 |
| TOP OF THE 5TH |
|
Asheville Tourists batting - Pitching for Columbus Skeeters : LHP Mark Langston
|
|
Batting: LHB Elias Nava
|
0-0: Ball 1-0: Ball 2-0: Ball 3-0: Foul Ball, location: 2F 3-1: Base on Balls
|
|
Batting: RHB Gareth Ledbetter
|
0-0: Bunt missed! 0-1: Called Strike 0-2: Ball 1-2: Fly out, F9 (Flyball, 9S, EV 91.3 MPH)
|
|
Batting: SHB Wayne Simmons
|
0-0: Ball 1-0: Swinging Strike 1-1: Ball 2-1: Ball 3-1: Foul Ball, location: 2F 3-2: Strikes out looking
|
|
Batting: RHB Tony Toups
|
0-0: Ball 1-0: Called Strike 1-1: Called Strike Pickoff Throw to First - Out! 1-3
|
| Top of the 5th over - 0 runs, 0 hits, 0 errors, 0 left on base; Asheville 1 - Columbus 2 |
| BOTTOM OF THE 5TH |
|
Columbus Skeeters batting - Pitching for Asheville Tourists : RHP Stan Webb
|
|
Batting: RHB Danny Sheaffer
|
0-0: Called Strike 0-1: Ball 1-1: Ball 2-1: Ball 3-1: Fly out, F3 (Line Drive, 3, EV 68.8 MPH)
|
|
Batting: RHB George Dierberger
|
0-0: Called Strike 0-1: Ball 1-1: Called Strike 1-2: Foul Ball, location: 2F 1-2: Foul Ball, location: 2F 1-2: Strikes out swinging
|
|
Batting: SHB Mike Howard
|
0-0: Foul Ball, location: 2F 0-1: Ball 1-1: SINGLE (Line Drive, 8LS, EV 100.0 MPH)
|
|
Batting: RHB Randolph Ebersberger
|
0-0: Ball 1-0: Called Strike Mike Howard steals 2nd base (no throw) 1-1: Ball 2-1: Foul Ball, location: 2F 2-2: Strikes out swinging
|
| Bottom of the 5th over - 0 runs, 1 hit, 0 errors, 1 left on base; Asheville 1 - Columbus 2 |
| TOP OF THE 6TH |
|
Asheville Tourists batting - Pitching for Columbus Skeeters : LHP Mark Langston
|
|
Batting: RHB Tony Toups
|
0-0: Ground out 5-3 (Groundball, 56, EV 86.9 MPH)
|
|
Batting: RHB Ulises Infante
|
0-0: Ball 1-0: Ball 2-0: Ball 3-0: Base on Balls
|
|
Batting: LHB Donald Mazzilli
|
0-0: Ball Ulises Infante is caught stealing 2nd base 2-6 1-0: DOUBLE (Groundball, 3L, EV 101.3 MPH)
|
|
Batting: LHB Michael Wishnevski
|
0-0: Foul Ball, location: 2F 0-1: Ball 1-1: Ball 2-1: Foul Ball, location: 2F 2-2: Foul Ball, location: 2F 2-2: Ball 3-2: Strikes out swinging
|
| Top of the 6th over - 0 runs, 1 hit, 0 errors, 1 left on base; Asheville 1 - Columbus 2 |
| BOTTOM OF THE 6TH |
|
Columbus Skeeters batting - Pitching for Asheville Tourists : RHP Stan Webb
|
|
Batting: RHB Heri Ramirez
|
0-0: Called Strike 0-1: Swinging Strike 0-2: Strikes out swinging
|
|
Batting: LHB Sam Horn
|
0-0: Ball 1-0: Swinging Strike 1-1: Ball 2-1: Fly out, F7 (Flyball, 78S, EV 86.9 MPH)
|
|
Batting: LHB John Weller
|
0-0: Foul Ball, location: 2F 0-1: Ball 1-1: Ball 2-1: Called Strike 2-2: Ball 3-2: Strikes out swinging
|
| Bottom of the 6th over - 0 runs, 0 hits, 0 errors, 0 left on base; Asheville 1 - Columbus 2 |
| TOP OF THE 7TH |
|
Asheville Tourists batting - Pitching for Columbus Skeeters : LHP Mark Langston
|
|
Batting: RHB Mike Garcia
|
0-0: Ball 1-0: Fly out, F9 (Flyball, 89S, EV 79.4 MPH)
|
|
Batting: SHB Dan Hanggie
|
0-0: Swinging Strike 0-1: Ball 1-1: Ball 2-1: Foul Ball, location: 2F 2-2: Ball 3-2: Ground out 1-3 (Groundball, 13, EV 69.4 MPH)
|
|
Batting: LHB Elias Nava
|
0-0: Called Strike 0-1: Ball 1-1: Swinging Strike 1-2: Ball 2-2: Foul Ball, location: 2F 2-2: Foul Ball, location: 2F 2-2: Strikes out swinging
|
| Top of the 7th over - 0 runs, 0 hits, 0 errors, 0 left on base; Asheville 1 - Columbus 2 |
| BOTTOM OF THE 7TH |
|
Columbus Skeeters batting - Pitching for Asheville Tourists : RHP Stan Webb
|
|
Batting: RHB Joe Redfield
|
0-0: Called Strike 0-1: Ball 1-1: Called Strike 1-2: Ground out 4-3 (Groundball, 13, EV 84.4 MPH)
|
|
Batting: LHB Jay Erdahl
|
0-0: Ball 1-0: Fly out, F2 (Popup, 2LF, EV 88.8 MPH)
|
|
Batting: RHB Danny Sheaffer
|
0-0: Ball 1-0: Foul Ball, location: 2F 1-1: Ball 2-1: Ball 3-1: Foul Ball, location: 2F 3-2: Reached on error, E3 (Flyball, 34D, EV 81.9 MPH)
|
|
Batting: RHB George Dierberger
|
0-0: Ball 1-0: DOUBLE (Flyball, 78XD, EV 98.8 MPH) Danny Sheaffer to third
|
|
Batting: SHB Mike Howard
|
0-0: Ball 1-0: Foul Ball, location: 2F 1-1: Ball 2-1: Ground out 6-3 (Groundball, 6, EV 93.8 MPH)
|
| Bottom of the 7th over - 0 runs, 1 hit, 1 error, 2 left on base; Asheville 1 - Columbus 2 |
| TOP OF THE 8TH |
|
Asheville Tourists batting - Pitching for Columbus Skeeters : LHP Mark Langston
|
|
Batting: RHB Gareth Ledbetter
|
0-0: Ball 1-0: Foul Ball, location: 2F 1-1: Fly out, F7 (Flyball, 78XD, EV 110.0 MPH)
|
|
Batting: SHB Wayne Simmons
|
0-0: SINGLE (Line Drive, 78M, EV 93.1 MPH)
|
|
Batting: RHB Tony Toups
|
0-0: Called Strike 0-1: Called Strike 0-2: Ball 1-2: Strikes out looking
|
|
Batting: RHB Ulises Infante
|
0-0: Foul Ball, location: 2F 0-1: Ball 1-1: Ball 2-1: Swinging Strike 2-2: Strikes out looking
|
| Top of the 8th over - 0 runs, 1 hit, 0 errors, 1 left on base; Asheville 1 - Columbus 2 |
| BOTTOM OF THE 8TH |
|
Columbus Skeeters batting - Pitching for Asheville Tourists : RHP Stan Webb
|
|
Batting: RHB Randolph Ebersberger
|
0-0: Ball 1-0: Ground out 4-3 (Groundball, 4S, EV 91.9 MPH)
|
|
Batting: RHB Heri Ramirez
|
0-0: Fly out, F8 (Flyball, 78M, EV 89.4 MPH)
|
|
Batting: LHB Sam Horn
|
0-0: Ground out 5-3 (Groundball, 56S, EV 85.0 MPH)
|
| Bottom of the 8th over - 0 runs, 0 hits, 0 errors, 0 left on base; Asheville 1 - Columbus 2 |
| TOP OF THE 9TH |
|
Asheville Tourists batting - Pitching for Columbus Skeeters : LHP Mark Langston
|
|
Pitching: LHP Alejandro Arboleda
|
|
|
Batting: LHB Donald Mazzilli
|
0-0: Called Strike 0-1: Ball 1-1: Ball 2-1: Ball 3-1: Called Strike 3-2: Ground out 6-3 (Groundball, 6M, EV 101.9 MPH)
|
|
Batting: LHB Michael Wishnevski
|
0-0: Ball 1-0: Swinging Strike 1-1: Ball 2-1: SINGLE (Groundball, 25, EV 69.4 MPH) (infield hit)
|
|
Batting: RHB Mike Garcia
|
0-0: Called Strike 0-1: Ball 1-1: Fielders Choice at 2nd, 6-4 (Groundball, 6, EV 88.1 MPH)
|
|
Batting: SHB Dan Hanggie
|
0-0: Ball 1-0: Swinging Strike 1-1: Ball 2-1: Swinging Strike 2-2: Foul Ball, location: 2F 2-2: Strikes out swinging
|
| Top of the 9th over - 0 runs, 1 hit, 0 errors, 1 left on base; Asheville 1 - Columbus 2 |
|